 Dungeon Crawl Stone Soup version 0.17-a0-1949-g1acca9a (webtiles) character file.

100 Oddball22 the Jester (level 4, -5/34 HPs)
             Began as a Demonspawn Artificer on Oct 2, 2015.
             Was a Follower of Nemelex Xobeh.
             Slain by an ice beast (7 damage)
             ... on level 3 of the Dungeon.
             The game lasted 00:05:31 (2177 turns).

Oddball22 the Jester (Demonspawn Artificer)         Turns: 2177, Time: 00:05:31

Health: -5/34      AC:  4    Str: 11    XL:     4   Next: 46%
Magic:  6/6        EV: 12    Int: 13    God:    Nemelex Xobeh [*.....]
Gold:   127        SH:  0    Dex: 15    Spells: 0 memorised, 3 levels left

rFire  + . .     SeeInvis .     g - +2 whip (drain)
rCold  . . .     Clarity  .     b - +0 leather armour
rNeg   . . .     SustAt   .     (no shield)
rPois  +         Gourm    .     (no helmet)
rElec  .         Spirit   .     q - +0 cloak
rCorr  .         Warding  .     (no gloves)
rMut   .         Stasis   .     (no boots)
MR     .....                    (no amulet)
Stlth  +.........               u - ring of protection from fire
                                j - ring of poison resistance (curse)

@: not resistant to hostile enchantments, very unstealthy
A: powered by pain 2
a: Renounce Religion


You were on level 3 of the Dungeon.
You worshipped Nemelex Xobeh.
Nemelex Xobeh was aware of your devotion.
You were not hungry.

You visited 1 branch of the dungeon, and saw 3 of its levels.

You collected 127 gold pieces.

Inventory:

Hand weapons
 a - a +0 short sword
 g - a +2 whip of draining (weapon)
 r - a +0 antimagic trident
Armour
 b - a +0 leather armour (worn)
 q - a +0 cloak (worn)
Jewellery
 j - a cursed ring of poison resistance (left hand)
 u - a ring of protection from fire (right hand)
Magical devices
 c - a wand of flame (13)
 d - a wand of enslavement (15)
 e - a wand of random effects (15)
Scrolls
 l - a scroll of teleportation {unknown}
 m - 3 scrolls of remove curse {unknown}
 n - 3 scrolls of identify {unknown}
 t - a scroll of immolation {unknown}
 v - a scroll of amnesia {unknown}
 y - a scroll of enchant armour {unknown}
Potions
 h - a potion of heal wounds {unknown}
 k - 2 potions of curing {unknown}
 s - a potion of ambrosia {unknown}
 w - 2 potions of might {unknown}
 x - a potion of agility {unknown}
 z - 2 potions of brilliance {unknown}
 A - a potion of beneficial mutation {unknown}
Miscellaneous
 i - a plain deck of wonders
 o - a plain deck of escape
Comestibles
 f - a bread ration
 p - 4 fruits
 C - a meat ration


   Skills:
 + Level 2.4 Fighting
 * Level 2.8 Short Blades
 + Level 2.4 Dodging
 - Level 0.8 Stealth
 - Level 3.0 Evocations


You had 3 spell levels left.
You didn't know any spells.

Dungeon Overview and Level Annotations

Branches:
Dungeon (3/15)

Altars:
Nemelex Xobeh
Ru
Zin


Innate Abilities, Weirdness & Mutations

You sometimes gain power by taking damage.


Message History

The ice beast hits you but does no damage.
You hit the ice beast.
The ice beast is moderately wounded.
The ice beast closely misses you.
You barely miss the ice beast.
The ice beast is moderately wounded.
The ice beast hits you. The ice beast freezes you!
* * * LOW HITPOINT WARNING * * *
Things that are here:
an uncursed blowgun; 7 poisoned needles; a kobold corpse
There is a stone staircase leading up here.
Found a smoky orange potion.
Found a hunting sling.
You see here a smoky orange potion.
z - 2 smoky orange potions (gained 1)
The ice beast hits you.
* * * LOW HITPOINT WARNING * * *
The ice beast freezes you!
You die...
Your body disappears without a glow.

###########[# ....
#(w<...w)...#.....
#.#########.#.....
#.# #....._. #.#
#w#..... #.#
#.#..... #.# #.#
.... #Y# #.# ##.#
#@# #.. .. #)# #.#
# #.. #.. #### ###


You could see an ice beast and a worm.

Vanquished Creatures
  Ijyb (D:2)
  Terence (D:2)
  5 bats
  9 hobgoblins
  4 jackals (D:1)
  13 kobolds
  A quokka (D:1)
  A ball python (D:2)
  A giant newt (D:1)
  4 goblins (D:1)
  2 rats
42 creatures vanquished.

Notes
Turn   | Place    | Note
--------------------------------------------------------------
     0 | D:1      | Oddball22 the Demonspawn Artificer began the quest for the Orb.
     0 | D:1      | Reached XP level 1. HP: 15/15 MP: 3/3
    11 | D:1      | Reached skill level 1 in Short Blades
   355 | D:1      | Found a sparkling altar of Nemelex Xobeh.
   361 | D:1      | Became a worshipper of Nemelex Xobeh the Trickster
   395 | D:1      | Gained mutation: You sometimes gain a little power by taking damage. [demonic ancestry]
   395 | D:1      | Reached XP level 2. HP: 11/21 MP: 4/4
   878 | D:1      | Received a gift from Nemelex Xobeh
  1216 | D:1      | Gained mutation: You sometimes gain power by taking damage. [demonic ancestry]
  1216 | D:1      | Reached XP level 3. HP: 27/27 MP: 5/5
  1711 | D:2      | Noticed Terence
  1750 | D:2      | Noticed Ijyb
  1761 | D:2      | Killed Ijyb
  1761 | D:2      | Reached XP level 4. HP: 33/33 MP: 6/6
  1855 | D:2      | Killed Terence
  2081 | D:2      | Found a sacrificial altar of Ru.
  2144 | D:3      | Found a glowing silver altar of Zin.
  2145 | D:3      | Noticed an ice beast
  2177 | D:3      | Slain by an ice beast

Vault maps used:
D:1:      saegor_arrival_simple_a, serial_bayou_pond_c,
          minmay_misc_feat_more_columns, nemelex_deck
D:2:      nicolae_ru_path_of_blood, uniq_terence, uniq_iyjb
D:3:      lemuel_coloured_pillars_altar, old_standard_altar,
          kennysheep_small_spiral, uniq_robin

Action                   |  1- 3 |  4- 6 || total
-------------------------+-------+-------++-------
Melee: Short sword       |   131 |       ||   131
       Whip              |    18 |    26 ||    44
Evoke: Wand              |     2 |       ||     2
 Stab: Sleeping          |     1 |     1 ||     2
       Distracted        |     1 |       ||     1
  Eat: Chunk             |     2 |     2 ||     4
